 Dungeon Crawl Stone Soup version 0.23-a0-296-ga3b1b28 (webtiles) character file.

10 Ijustatesigmund the Conjurer (level 2, -3/17 HPs)
             Began as an Octopode Conjurer on Oct 5, 2018.
             Slain by a goblin (4 damage)
             ... on level 1 of the Dungeon.
             The game lasted 00:01:33 (276 turns).

Ijustatesigmund the Conjurer (Octopode Conjurer)     Turns: 276, Time: 00:01:34

Health: -3/17      AC:  1    Str:  7    XL:     2   Next: 20%
Magic:  2/5        EV: 13    Int: 17    God:
Gold:   20         SH:  0    Dex: 12    Spells: 2/5 levels left

rFire    . . .     SeeInvis .   a - +1 dagger
rCold    . . .     Gourm    .   (no shield)
rNeg     . . .     Faith    .   (helmet restricted)
rPois    .         Spirit   .   (no amulet)
rElec    .         Reflect  .   (no ring)
rCorr    .         Harm     .   (no ring)
MR       .....                  (no ring)
Stlth    +++.......             (no ring)
HPRegen  0.05/turn              (no ring)
MPRegen  0.09/turn              (no ring)
                                (no ring)
                                (no ring)

@: very slightly contaminated
A: almost no armour, stealthy swim, amphibious, 8 rings, constrict 8, camouflage
1, gelatinous body 1
a: no special abilities


You were on level 1 of the Dungeon.
You were not hungry.

You visited 1 branch of the dungeon, and saw 1 of its levels.

You collected 20 gold pieces.

Inventory:

Hand Weapons
 a - a +1 dagger (weapon)
Comestibles
 b - 2 rations


   Skills:
 - Level 2.0 Dodging
 + Level 2.8 Stealth
 - Level 2.0 Spellcasting
 + Level 4.4 Conjurations


You had 2 spell levels left.
You knew the following spells:

 Your Spells              Type           Power        Failure   Level  Hunger
a - Magic Dart            Conj           ###.         3%          1    #......
b - Searing Ray           Conj           ###...       4%          2    ###....

Your spell library contained the following spells:

 Spells                   Type           Power        Failure   Level  Hunger
 Dazzling Spray           Conj/Hex       #.....       24%         3    ###....
 Iskenderun's Mystic Bla  Conj           ###.....     30%         4    #####..
 Force Lance              Conj/Tloc      #.......     61%         4    #####..
 Fulminant Prism          Conj/Hex       #.........   61%         4    #####..


Dungeon Overview and Level Annotations

Branches:
Dungeon (1/15)

Altars:


Innate Abilities, Weirdness & Mutations

You cannot wear most types of armour.
You are very stealthy in the water. (Stealth+)
You are amphibious.
You can wear up to eight rings at the same time.
You can use your tentacles to constrict eight enemies at once.
Your skin changes colour to match your surroundings (Stealth+).
Your rubbery body absorbs attacks. (AC +1, EV +1)


Message History

You constrict the goblin, but do no damage.
A bat comes into view.
The bat completely misses you. The goblin closely misses you.
The goblin barely misses you.
You aren't carrying any potions.
You hit the goblin but do no damage.
You constrict the goblin, but do no damage.
The bat misses you.
A jackal comes into view.
The goblin closely misses you. The goblin hits you.
* * * LOW HITPOINT WARNING * * *
You closely miss the goblin.
The jackal barks!
You grab the goblin. You constrict the goblin. x2
The bat hits you but does no damage.
A jackal comes into view.
The goblin hits you.
* * * LOW HITPOINT WARNING * * *
The goblin hits you.
You die...

# #.# #### #.. ...#
#.##### # . ..(# #.....#
.#..
...#########.#...###....
.....................$..
.....#####....?........
....#...##.##......###
.>.#.##.##.##.##@b.#
.##.## ##..#.b.gg..# .#
#.. ........†h..... .#
.P.. P..PP...P.....P .#
.♣♣♣..P♣♣♣...♣♣♣..P ..
.♣ ♣...♣ ♣...♣ hh .# .
♣P..♣ . .# P....


You could see 3 jackals, 2 goblins and 2 bats.

Vanquished Creatures
  A giant cockroach (D:1)
  4 hobgoblins (D:1)
  2 goblins (D:1)
  A kobold (D:1)
  A rat (D:1)
9 creatures vanquished.

Notes
Turn   | Place    | Note
-------+----------+-------------------------------------------
     0 | D:1      | Ijustatesigmund the Octopode Conjurer began the quest for
                  | the Orb.
     0 | D:1      | Reached XP level 1. HP: 11/11 MP: 3/3
   163 | D:1      | Reached XP level 2. HP: 13/17 MP: 0/5
   168 | D:1      | Learned a level 2 spell: Searing Ray
   276 | D:1      | Slain by a goblin

Vault maps used:
D:1:      evilmike_arrival_hilbert_curve, kennysheep_boxes

Action                   || total
-------------------------++-------
Melee: Dagger            ||    23
       Constrict         ||     4
       Tentacles         ||     3
 Cast: Magic Dart        ||    11
  Use: Scroll            ||     1
Armor: Skin              ||     5
Dodge: Dodged            ||    32

Table legend:
 A = Non-vault XP
 B = Vault XP
 C = Vault XP percentage of total XP
 D = Non-vault monster count
 E = Vault monster count
 F = Vault count percentage of total count
                 A         B        C        D         E       F
            +---------+---------+-------+---------+---------+-------
      Total |      15 |       0 |   0.0 |       9 |       0 |   0.0
            +---------+---------+-------+---------+---------+-------
        D:1 |      15 |       0 |   0.0 |       9 |       0 |   0.0
            +---------+---------+-------+---------+---------+-------
